 Dungeon Crawl Stone Soup version 0.31-a0-875-g02e7d12df6 (webtiles) character file.

Game seed: 2367997498295787133

515 ytrimaz the Covert (level 7, -14/64 HPs)
             Began as an Octopode Shapeshifter on Oct 12, 2023.
             Was an Initiate of Ashenzari.
             Demolished by an ogre
             ... wielding a +0 giant club
              (23 damage)
             ... on level 5 of the Dungeon.
             The game lasted 00:03:51 (3298 turns).

ytrimaz the Covert (Octopode Shapeshifter)          Turns: 3298, Time: 00:03:51

Health: -14/64     AC: 23    Str: 14    XL:     7   Next: 20%
Magic:  7/7        EV:  2    Int: 12    God:    Ashenzari [......]
Gold:   259        SH:  0    Dex: 13    Spells: 6/6 levels left

rFire   . .          .
                       - Unarmed
rCold   . . .        (no shield)
rNeg    . . .        (helmet currently unavailable)
rPois   +            s - amulet of the acrobat
rElec   .            (no ring)
rCorr   .            (no ring)
SInv    .            (no ring)
Will    .....        (no ring)
Stlth   ++++         (no ring)
HPRegen 0.30/turn    (no ring)
MPRegen 0.10/turn    (no ring)
                     (no ring)

%: acrobat
@: mighty, tree-form, attractive
A: stationary, stasis, torment immunity, boosted hp, almost no armour,
(amphibious), 8 rings, (camouflage 1), (gelatinous body 1), (nimble swimmer 1),
(tentacles)
a: Renounce Religion


You were on level 5 of the Dungeon.
You worshipped Ashenzari.
Ashenzari was noncommittal.
You were a tree.
You visited 2 branches of the dungeon, and saw 6 of its levels.

You collected 259 gold pieces.


Innate Abilities, Weirdness & Mutations

You are a tree.
Your roots penetrate the ground, keeping you stationary.
You cannot be teleported.
You are immune to unholy pain and torment.
Your maximum health is greatly increased.
You cannot wear most types of armour.
((You are amphibious.))
You can wear up to eight rings at the same time.
((Your skin changes colour to match your surroundings (Stealth+).))
((Your rubbery body absorbs attacks. (AC +1, EV +1)))
((You are camouflaged when in or above water. (Stealth+)))
((You have tentacles for arms and can constrict up to eight enemies at once.))


   Skills:
 - Level 1.0 Fighting
 - Level 2.0 Dodging
 * Level 8.4 Stealth
 + Level 5.2 Unarmed Combat
 - Level 3.0 Shapeshifting


You had 6 spell levels left.
You didn't know any spells.
Your spell library contained the following spells:

 Spells                   Type           Power      Damage    Failure   Level
 Apportation              Tloc           0%         N/A       32%         1
 Ensorcelled Hibernation  Hex/Ice        0%         N/A       45%         2
 Jinxbite                 Hex            0%         N/A       45%         2
 Call Canine Familiar     Summ           0%         N/A       69%         3
 Ozocubu's Armour         Ice            0%         N/A       69%         3
 Sigil of Binding         Hex            0%         N/A       69%         3
 Anguish                  Hex/Necr       0%         N/A       97%         4
 Dimensional Bullseye     Hex/Tloc       0%         N/A       97%         4
 Leda's Liquefaction      Hex/Erth       0%         N/A       97%         4
 Alistair's Intoxication  Tmut/Pois      0%         N/A       100%        5
 Ozocubu's Refrigeration  Ice            0%         4d7       100%        7

Inventory:

Jewellery
 k - an amulet of faith
   (You found it on level 3 of the Dungeon)
 p - an amulet of guardian spirit
   (You found it on level 4 of the Dungeon)
 s - an amulet of the acrobat (around neck)
   (You found it on level 5 of the Dungeon)
Talismans
 b - a beast talisman
 c - a flux talisman
Scrolls
 e - 3 scrolls of identify {unknown}
 g - a scroll of poison {unknown}
 h - a scroll of noise {unknown}
 i - a scroll of fear {unknown}
 j - 2 scrolls of immolation {unknown}
 l - 2 scrolls of amnesia {unknown}
 q - a scroll of fog {unknown}
 r - a scroll of teleportation {unknown}
Potions
 a - a potion of lignification
 d - a potion of might
 m - a potion of magic {unknown}
 n - a potion of mutation {unknown}
 o - a potion of invisibility {unknown}

Dungeon Overview and Level Annotations

Branches:
Dungeon (5/15) Zot: 26729  Temple (1/1) D:4 Zot: 5980

Altars:
Ashenzari
Elyvilon
Fedhas
Gozag
Kikubaaqudgha
Makhleb
Nemelex Xobeh
Okawaru
Qazlal
Vehumet
Wu Jian
Xom
Yredelemnul
The Shining One

Shops:
D:1 (

Annotations:
D:3 1 runed translucent door, CowFu's ghost, amateur DEAE
D:5 Blork the orc

....... .......
....... .......
.# ....... .#
....... #.#
......o##.#
......O♣..#
......)...w..$#
...............#
................#
................#
$...............#
................#
................#
................#


You could see Blork the orc (fast), an ogre and a worm.


Message History

😕 HP[+4]
You regained 4 hp, and now have 52/64 hp.
A worm is nearby!
A worm is nearby!
Unknown command.
A worm is nearby!
Unknown command.
You cannot move. 😕 HP[+1] Key pressed, stopping explore.
You feel less wooden.
You turn into a hulking beast. 😕 HP[-17]
You now have 43 max hp (-21).
Unknown command.
Items here: )) [[ †. 😎 HP[+7]
Your hp is fully restored (43).
Things that are here:
a +2 mace of protection; an orc corpse Unknown command.
Things that are here:
a +0 flail; an orc corpse
e - 3 scrolls labelled HIRUUHUNAO (gained 1)
Things that are here:
a +0 flail; an orc corpse
Things that are here:
a +2 mace of protection; an orc corpse Key pressed, stopping explore.
a - 2 potions of lignification (gained 1) Key pressed, stopping explore.
You now have 259 gold pieces (gained 10).
Blork the orc comes into view.
He is wielding a +0 scimitar.
An ogre comes into view. It is wielding a +0 giant club.
The ogre shouts!
Blork the orc shouts!
You bludgeon Blork the orc! Your grab misses Blork the orc.
Blork the orc hits you with a +0 scimitar! 😕 HP[-9]
You take 9 damage, and now have 34/43 hp.
MASSIVE DAMAGE!! (PAUSE)
Your transformation has ended.
You turn into a tree.
Your roots penetrate the ground.
Blork the orc hits you with a +0 scimitar! 😮 HP[+9]
You now have 64 max hp (+21).
You regained 9 hp, and now have 43/64 hp.
Unknown command.
You closely miss Blork the orc. You punch Blork the orc.
Blork the orc hits you with a +0 scimitar. 😮 HP[-6]
You take 6 damage, and now have 37/64 hp.
You closely miss Blork the orc. You punch Blork the orc.
Blork the orc hits you but does no damage.
Unknown command.
You closely miss Blork the orc. Your punch misses Blork the orc.
Blork the orc hits you with a +0 scimitar.
* * * LOW HITPOINT WARNING * * *
😨 HP[-5]
You take 5 damage, and now have 32/64 hp.
You closely miss Blork the orc.
Blork the orc hits you with a +0 scimitar.
* * * LOW HITPOINT WARNING * * *
The worm bites you but does no damage.
Unknown command.
You closely miss Blork the orc.
Blork the orc hits you but does no damage.
The ogre hits you but does no damage.
You hit Blork the orc. The worm bites you.
* * * LOW HITPOINT WARNING * * *
😨 HP[-2]
You take 2 damage, and now have 30/64 hp.
Unknown command.
You barely miss Blork the orc.
Blork the orc hits you but does no damage.
The ogre hits you with a +0 giant club!!
* * * LOW HITPOINT WARNING * * *
😱 HP[-19]
You take 19 damage, and now have 11/64 hp.
MASSIVE DAMAGE!! (PAUSE)
You hit the worm. You punch the worm.
Blork the orc gestures at you while chanting.
The puff of flame hits you but does no damage.
The worm bites you but does no damage. 😱 HP[+1] Unknown command.
It was a potion of might.
You feel very mighty all of a sudden.
Blork the orc gestures at you while chanting.
The puff of frost hits you but does no damage.
The ogre hits you with a +0 giant club.
* * * LOW HITPOINT WARNING * * *
😱 HP[-3]
You take 3 damage, and now have 9/64 hp.
It was a potion of attraction.
You feel attractive to monsters.
Blork the orc gestures wildly while chanting.
Blork the orc seems to speed up.
The worm bites you but does no damage.
The ogre hits you with a +0 giant club!!
You die...

Skill      XL: |  1  2  3  4  5  6 |
---------------+-------------------+-----
Stealth        | 1 3 4 5 6 8 |  8.4
Unarmed Combat | 4 5 |  5.2
Fighting       | |  1.0
Dodging        | |  2.0
Shapeshifting  | |  3.0

Action                     |  1- 3 |  4- 6 |  7- 9 || total
---------------------------+-------+-------+-------++-------
  Melee: Unarmed           |    65 |    71 |     9 ||   145
         Constrict         |    17 |    13 |       ||    30
         Tentacles         |    11 |    11 |       ||    22
         Punch             |       |     1 |     3 ||     4
    Use: Scroll            |     1 |       |       ||     1
         Potion            |       |     2 |     3 ||     5
   Stab: Sleeping          |     6 |     9 |       ||    15
 Armour: Skin              |    35 |    49 |    18 ||   102
  Dodge: Dodged            |    50 |    33 |       ||    83

Levels and vault maps discovered:
D:1:      amcnicky_arrival_underground_garden, layout_basic, serial_shops,
          nicolae_shop_tiny_glass
D:2:      layout_loops_ring
D:3:      layout_basic, gammafunk_ghost_grave, minivault_25
D:4:      layout_basic, bloody_makhleb, temple_pool_b
D:5:      layout_basic, uniq_eustachio, uniq_blork_the_orc, uniq_grinder
Temple:   dshaligram_water_room_temple

Notes
Turn   | Place    | Note
-------+----------+-------------------------------------------
     0 | D:1      | ytrimaz the Octopode Shapeshifter began the quest for the
                  | Orb.
     0 | D:1      | Reached XP level 1. HP: 13/13 MP: 1/1
     0 | D:1      | magus.rc [v1.9.6]
    27 | D:1      | Reached skill level 1 in Stealth
    48 | D:1      | Reached XP level 2. HP: 10/18 MP: 2/2
    51 | D:1      | Reached skill level 2 in Stealth
    92 | D:1      | You pick up a book of the Hunter and begin reading...
    92 | D:1      | You add the spells Sigil of Binding, Call Canine Familiar,
                  | Dimensional Bullseye and Leda's Liquefaction to your
                  | library.
   116 | D:1      | HP: 3/18 [ball python (3)]
   348 | D:1      | You pick up a book of Dreams and begin reading...
   348 | D:1      | You add the spells Jinxbite, Ensorcelled Hibernation and
                  | Anguish to your library.
   473 | D:1      | Reached skill level 3 in Stealth
   473 | D:1      | Reached XP level 3. HP: 20/23 MP: 3/3
   579 | D:1      | Found Huimur's Weapon Emporium.
  1106 | D:2      | You pick up a book of Party Tricks and begin reading...
  1106 | D:2      | You add the spells Apportation and Alistair's Intoxication
                  | to your library.
  1255 | D:2      | Reached skill level 4 in Stealth
  1263 | D:2      | Reached XP level 4. HP: 23/28 MP: 4/4
  1880 | D:3      | You add the spells Ozocubu's Armour and Ozocubu's
                  | Refrigeration to your library.
  1954 | D:3      | Found a runed translucent door.
  1954 | D:3      | Noticed CowFu's ghost (amateur DEAE)
  2421 | D:4      | Reached skill level 5 in Stealth
  2421 | D:4      | Reached skill level 4 in Unarmed Combat
  2421 | D:4      | Reached XP level 5. HP: 28/33 MP: 5/5
  2531 | D:4      | Found a staircase to the Ecumenical Temple.
  2542 | D:4      | Reached skill level 6 in Stealth
  2581 | D:4      | Found a burning altar of Makhleb.
  2647 | Temple   | Entered the Ecumenical Temple
  2657 | Temple   | Became a worshipper of Ashenzari the Shackled
  2767 | D:4      | Noticed an ogre
  2776 | D:4      | Killed an ogre
  2777 | D:4      | Reached XP level 6. HP: 32/38 MP: 6/6
  2781 | D:4      | Reached skill level 7 in Stealth
  3025 | D:5      | Entered Level 5 of the Dungeon
  3166 | D:5      | Noticed Eustachio
  3186 | D:5      | Killed Eustachio
  3187 | D:5      | Reached skill level 8 in Stealth
  3187 | D:5      | Reached skill level 5 in Unarmed Combat
  3187 | D:5      | Reached XP level 7. HP: 43/43 MP: 7/7
  3281 | D:5      | Noticed Blork the orc
  3295 | D:5      | HP: 11/64 [ogre/+0 giant club (19)]
  3298 | D:5      | Demolished by an ogre

Vanquished Creatures
  Eustachio (D:5)
  An ogre (D:4)
  A bullfrog (D:4)
  2 hounds
  An orc priest (D:5)
  5 adders
  An ufetubus (D:5)
  A worm (D:2)
  A dart slug (D:1)
  4 orcs
  4 endoplasms
  3 giant cockroaches
  10 goblins
  6 hobgoblins
  6 jackals
  2 kobolds (D:1)
  3 quokkas
  7 ball pythons
  3 bats
  6 frilled lizards
  8 rats
76 creatures vanquished.

Table legend:
 A = Non-vault XP
 B = Vault XP
 C = Vault XP percentage of total XP
 D = Non-vault monster count
 E = Vault monster count
 F = Vault count percentage of total count
                 A         B        C        D         E       F
            +---------+---------+-------+---------+---------+-------
      Total |     539 |     197 |  26.8 |      75 |       1 |   1.3
            +---------+---------+-------+---------+---------+-------
        D:1 |      51 |       0 |   0.0 |      32 |       0 |   0.0
        D:2 |      57 |       0 |   0.0 |      18 |       0 |   0.0
        D:3 |      12 |       0 |   0.0 |       7 |       0 |   0.0
        D:4 |     298 |       0 |   0.0 |      11 |       0 |   0.0
        D:5 |     121 |     197 |  61.9 |       7 |       1 |  12.5
            +---------+---------+-------+---------+---------+-------

Skill      XL: |  1  2  3  4  5  6 |
---------------+-------------------+-----
Stealth        | 1 3 4 5 6 8 |  8.4
Unarmed Combat | 4 5 |  5.2
Fighting       | |  1.0
Dodging        | |  2.0
Shapeshifting  | |  3.0

Action                     |  1- 3 |  4- 6 |  7- 9 || total
---------------------------+-------+-------+-------++-------
  Melee: Unarmed           |    65 |    71 |     9 ||   145
         Constrict         |    17 |    13 |       ||    30
         Tentacles         |    11 |    11 |       ||    22
         Punch             |       |     1 |     3 ||     4
    Use: Scroll            |     1 |       |       ||     1
         Potion            |       |     2 |     3 ||     5
   Stab: Sleeping          |     6 |     9 |       ||    15
 Armour: Skin              |    35 |    49 |    18 ||   102
  Dodge: Dodged            |    50 |    33 |       ||    83

Illustrated notes

Table legend:
 A = Kills in this place as a percentage of kills in the entire game.
 B = Kills by you in this place as a percentage of kills by you in the entire game.
 C = Kills by friends in this place as a percentage of kills by friends in the entire game.
 D = Other kills in this place as a percentage of other kills in the entire game.
 E = Experience gained in this place as a percentage of experience gained in the entire game.
 F = Experience gained in this place divided by the number of levels of this place that you have seen.
                   A       B       C       D       E      F
               +-------+-------+-------+-------+-------+----------------------
         Total | 100.0 | 100.0 |   N/A |   N/A | 100.0 | 122.7
       Dungeon | 100.0 | 100.0 |   N/A |   N/A | 100.0 | 147.2
               +-------+-------+-------+-------+-------+----------------------

Table legend: (Time is in decaauts)
 A = Elapsed time spent in this place.
 B = Non-inter-level travel time spent in this place.
 C = Inter-level travel time spent in this place.
 D = Time resting spent in this place.
 E = Time spent auto-exploring this place.
 F = Levels seen in this place.
 G = Mean time per level.
                   A        B        C        D        E       F      G
               +--------+--------+--------+--------+--------+-----+--------+
         Total |   3287 |   3180 |    107 |      0 |   2617 |   6 |  547.8 |
       Dungeon |   3267 |   3168 |     99 |      0 |   2617 |   5 |  653.4 |
        Temple |     19 |     11 |      8 |      0 |      0 |   1 |   19.0 |
               +--------+--------+--------+--------+--------+-----+--------+

Top non-repeatable levels by time:
     D:1: 1000 daAuts
     D:2: 762 daAuts
     D:4: 634 daAuts
     D:3: 601 daAuts
     D:5: 269 daAuts
  Temple: 19 daAuts
